 Dungeon Crawl Stone Soup version 0.32-a0-913-g739538afd8 (webtiles) character file.

Game seed: 4553221356661552111

51 runemasterragnar the Shooter (level 3, -10/28 HPs)
             Began as a Coglin Hunter on Apr 7, 2024.
             Killed by divine providence
             ... invoked by an orc priest
              (11 damage)
             ... on level 3 of the Dungeon.
             The game lasted 00:00:58 (1795 turns).

runemasterragnar the Shooter (Coglin Hunter)        Turns: 1795, Time: 00:00:58

Health: -10/28     AC:  3    Str: 11    XL:     3   Next: 83%
Magic:  3/3        EV: 11    Int:  8    God:
Gold:   135        SH:  0    Dex: 17    Spells: 2/2 levels left

rFire   . . .        a - +2 sling {Hajoon}
rCold   + . .        d - +0 sling {Caihong}
rNeg    . . .        c - +0 leather armour
rPois   .            (no helmet)
rElec   +            (no cloak)
rCorr   .            (no gloves)
SInv    .            (no boots)
Will    .....        (amulet unavailable)
Stlth   ++           (ring unavailable)
HPRegen 0.24/turn    (ring unavailable)
MPRegen 0.08/turn    (no gizmo)

%: no passive effects
@: revved
A: off-hand wielding, slow wielding, warmup strikes, no jewellery, clumsy 1,
cold resistance 1, electricity resistance
a: Invent Gizmo, Convert to Beogh


You were on level 3 of the Dungeon.
You visited 1 branch of the dungeon, and saw 3 of its levels.

You collected 135 gold pieces.

Inventory:

Hand Weapons
 a - a +2 sling (weapon) {Hajoon}
 d - a +0 sling (offhand) {Caihong}
Armour
 c - a +0 leather armour (worn)
Wands
 l - a wand of mindburst (10)
Scrolls
 b - a scroll of butterflies
 e - 3 scrolls of identify {unknown}
 g - a scroll of revelation {unknown}
 h - a scroll of torment {unknown}
 i - 4 scrolls of enchant armour {unknown}
 k - a scroll of fog {unknown}
 o - a scroll of teleportation {unknown}
Potions
 f - a potion of attraction {unknown}
 j - 2 potions of enlightenment {unknown}
 m - a potion of magic {unknown}
 n - a potion of heal wounds {unknown}
 p - 2 potions of mutation
 q - a potion of brilliance {unknown}


   Skills:
 + Level 2.4 Fighting
 * Level 4.1 Ranged Weapons
 + Level 2.1 Dodging
 + Level 1.4 Stealth
 + Level 0.9 Evocations


You had 2 spell levels left.
You didn't know any spells.
Your spell library was empty.

Dungeon Overview and Level Annotations

Branches:
Dungeon (3/15)

Altars:
Ashenzari
Dithmenos

Shops:
D:1 =

Annotations:
D:2 1 runed translucent door, Crazy Yiuf


Innate Abilities, Weirdness & Mutations

You can wield a second weapon in your off-hand.
It takes a long time for you to wield or remove held weapons.
Your first few attacks do less damage.
You cannot equip rings or amulets.
You are clumsy. (Dex -2)
Your flesh is cold resistant. (rC+)
You are resistant to electric shocks. (rElec)


Message History

Unknown command.
Fire: a) +2 sling {Hajoon}
Press: ? - help, Q - select action, (/) - cycle Shift-Dir - straight line, f - orc priest, p - orc
Aim: an orc priest, wielding a +0 short sword (almost dead, 64% to hit)
You shoot a sling bullet. The sling bullet hits the orc.
The orc is severely wounded.
You shoot a sling bullet.
The sling bullet closely misses the orc.
The orc priest shouts, "Surrender to Beogh and we'll let you live!"
The sling bullet hits the orc priest.
The orc priest shouts, "The Pantheon deserves no one's loyalty.
Let us show you the true path!"
The orc priest is almost dead.
The orc misses you. The orc hits you with a +0 whip.
Something hits you but does no damage.
Fire: a) +2 sling {Hajoon}
Press: ? - help, Q - select action, (/) - cycle Shift-Dir - straight line, f/p - orc priest
Aim: an orc priest, wielding a +0 short sword (almost dead, 64% to hit)
You shoot a sling bullet.
The sling bullet closely misses the orc.
The sling bullet closely misses the orc priest.
You shoot a sling bullet.
The sling bullet closely misses the orc.
The sling bullet closely misses the orc priest.
The orc hits you with a +0 whip. Something hits you but does no damage.
The orc priest calls down the wrath of Beogh upon you.
Beogh smites you!
* * * LOW HITPOINT WARNING * * *
Fire: a) +2 sling {Hajoon}
Press: ? - help, Q - select action, (/) - cycle Shift-Dir - straight line, f/p - orc priest
Aim: an orc priest, wielding a +0 short sword (almost dead, 64% to hit)
Okay, then.
It was a potion of mutation.
You feel extremely strange.
You feel resistant to cold.
You feel clumsy.
You feel insulated. The orc hits you with a +0 whip.
* * * LOW HITPOINT WARNING * * *
Something hits you.
* * * LOW HITPOINT WARNING * * *
The orc priest calls down the wrath of Beogh upon you.
Beogh smites you!
You die...

..#.. .# .# ###..
.##.# #.. ....# #..
....# ###
....############
o...#...........
###oo..#...........
#.@....#...........
#.#...##...........
#.#...##...........
#.######...........
#.# #............
#.# #............
#.# #............
#.# #............
#.# #............


You could see an orc priest and 2 orcs.

Vanquished Creatures
  An adder (D:3)
  A dart slug (D:1)
  A ribbon worm (D:3)
  An orc (D:3)
  A ball python (D:2)
  5 bats
  2 endoplasms
  7 goblins
  3 hobgoblins
  3 frilled lizards
  5 kobolds
  7 rats
37 creatures vanquished.

Notes
Turn   | Place    | Note
-------+----------+-------------------------------------------
     0 | D:1      | runemasterragnar the Coglin Hunter began the quest for the
                  | Orb.
     0 | D:1      | Reached XP level 1. HP: 16/16 MP: 1/1
   105 | D:1      | Found a faded altar of an unknown god.
   178 | D:1      | Reached skill level 1 in Stealth
   179 | D:1      | Reached XP level 2. HP: 22/22 MP: 2/2
   597 | D:1      | Found Car Ria's Jewellery Boutique.
   809 | D:2      | Reached XP level 3. HP: 27/27 MP: 3/3
   825 | D:2      | Reached skill level 4 in Ranged Weapons
  1049 | D:2      | Found a runed translucent door.
  1050 | D:2      | Noticed Crazy Yiuf
  1693 | D:3      | Found a broken altar of Ashenzari.
  1755 | D:3      | Found a shadowy altar of Dithmenos.
  1795 | D:3      | Gained mutation: Your flesh is cold resistant. (rC+)
                  | [potion of mutation]
  1795 | D:3      | Gained mutation: You are clumsy. (Dex -2) [potion of
                  | mutation]
  1795 | D:3      | Gained mutation: You are resistant to electric shocks.
                  | (rElec) [potion of mutation]
  1795 | D:3      | HP: 1/28 [something (2)]
  1795 | D:3      | Killed from afar by an orc priest

Illustrated notes

Levels and vault maps discovered:
D:1:      orjb1_clovarrival, layout_basic, serial_shops, shop_statue,
          ebering_ecumenical_altar_hall, minmay_misc_feat_square
D:2:      layout_rooms, uniq_crazy_yiuf_cottage
D:3:      layout_basic, grunt_dithmenos_smoke_and_mirrors, lemuel_crystal_altar

Skill      XL: |  1  2  3 |
---------------+----------+-----
Stealth        | 1 |  1.4
Dodging        | 2 |  2.1
Ranged Weapons | 4 |  4.1
Fighting       | |  2.4
Evocations     | |  0.9

Action                     || total
---------------------------++-------
   Fire: Sling             ||   146
    Use: Potion            ||     1
 Armour: Leather armour    ||    14
  Dodge: Dodged            ||    10

Table legend: (Time is in decaauts)
 A = Elapsed time spent in this place.
 B = Non-inter-level travel time spent in this place.
 C = Inter-level travel time spent in this place.
 D = Time resting spent in this place.
 E = Time spent auto-exploring this place.
 F = Levels seen in this place.
 G = Mean time per level.
                   A        B        C        D        E       F      G
               +--------+--------+--------+--------+--------+-----+--------+
         Total |   1830 |   1777 |     53 |      0 |   1588 |   3 |  610.0 |
       Dungeon |   1830 |   1777 |     53 |      0 |   1588 |   3 |  610.0 |
               +--------+--------+--------+--------+--------+-----+--------+

Top non-repeatable levels by time:
     D:1: 775 daAuts
     D:3: 564 daAuts
     D:2: 490 daAuts
